 Dungeon Crawl Stone Soup version 0.18.1-50-g88ac8fd (webtiles) character file.

8788 Chiseanne the Thaumaturge (level 11, -9/83 (84) HPs)
             Began as a Centaur Air Elementalist on Oct 12, 2016.
             Was an Initiate of Gozag.
             Mangled by a yak (18 damage)
             ... on level 11 of the Dungeon.
             The game lasted 00:40:08 (17492 turns).

Chiseanne the Thaumaturge (CeAE)                   Turns: 17492, Time: 00:40:09

HP:   -9/83 (84)    AC: 14    Str: 15    XL:     11   Next: 14%
MP:   2/25          EV: 10    Int: 17    God:    Gozag
Gold: 207           SH:  0    Dex: 16    Spells: 3 memorised, 25 levels left

rFire  . . .     SeeInvis .     a - +2 falchion (elec)
rCold  . . .     Gourm    .     N - +1 robe of Hopscotch {*Contam rPois MR+++ Slay+2}
rNeg   . . .     Faith    .     (no shield)
rPois  +         Spirit   .     r - +1 helmet
rElec  .         Dismiss  +     Q - +2 cloak {MR+}
rCorr  .         Reflect  .     J - +2 pair of gloves {Dex+3}
SustAt .         Harm     .     (no barding)
MR     ++++.                    B - amulet of dismissal
Stlth  +.........               D - +5 ring of strength
                                I - +2 ring of dexterity

@: gold aura, repel missiles, very quick, incredibly resistant to hostile
enchantments, very unstealthy
A: hooves 3, deformed body, speed 2, tough skin 3
a: Potion Petition, Call Merchant, Bribe Branch, Renounce Religion


You were on level 11 of the Dungeon.
You worshipped Gozag.
Gozag was noncommittal.
You were very full.

You visited 2 branches of the dungeon, and saw 12 of its levels.

You collected 1680 gold pieces.
You spent 865 gold pieces at shops.
You paid 608 gold pieces to Gozag.

Inventory:

Hand Weapons
 a - a +2 falchion of electrocution (weapon)
 d - a +3 scimitar of flaming
 n - a +0 blowgun
 s - a +2 dagger of venom
 O - a +0 hand crossbow of flaming
 P - the +10 dagger "Disaucw" {holy, MP+9 Int+2 SInv}
   (You found it on level 9 of the Dungeon)

   It has been blessed by the Shining One to cause great damage to the undead
   and demons.
   It affects your intelligence (+2).
   It affects your magic capacity (+9).
   It lets you see invisible.
Missiles
 e - 5 curare-tipped needles
 h - 2 poisoned tomahawks (quivered)
 l - 13 javelins
 m - 187 arrows
 p - 35 sling bullets
 q - 33 bolts
 t - 65 poisoned needles
 v - 6 needles of confusion
 A - 5 tomahawks of returning
 M - 385 stones
Armour
 r - a +1 helmet (worn)
 G - a +2 ring mail of cold resistance
 H - the +2 cloak "Emuyll" {rElec rPois Int+3 Slay-6}
   (You bought it in a shop on level 8 of the Dungeon)

   It affects your intelligence (+3).
   It affects your accuracy and damage with ranged weapons and melee attacks
   (-6).
   It insulates you from electricity.
   It protects you from poison.
 J - a +2 pair of gloves of dexterity (worn)
 N - the +1 robe of Hopscotch (worn) {*Contam rPois MR+++ Slay+2}
   (You bought it in a shop on level 8 of the Dungeon)

   It affects your accuracy and damage with ranged weapons and melee attacks
   (+2).
   It protects you from poison.
   It affects your resistance to hostile enchantments.
   It causes magical contamination when unequipped.
 Q - a +2 cloak of magic resistance (worn)
Jewellery
 B - an amulet of dismissal (around neck)
 D - a +5 ring of strength (right hand)
 I - a +2 ring of dexterity (left hand)
 K - an uncursed ring of poison resistance
Wands
 k - a wand of paralysis (9/24)
 C - a wand of disintegration (4/24)
 E - a wand of iceblast (8/15)
Scrolls
 w - 3 scrolls of remove curse
 y - 3 scrolls of teleportation
 z - 2 scrolls of magic mapping
 L - a scroll of fog
Potions
 f - 2 potions of heal wounds
 g - 3 potions of brilliance
 j - a potion of ambrosia {unknown}
 o - a potion of invisibility {unknown}
 x - a potion of cancellation {unknown}
 F - a potion of cure mutation {unknown}
 R - a potion of curing
 S - a potion of might {unknown}
Books
 b - a book of Air

   Spells                             Type                      Level
   a - Shock                          Conjuration/Air              1
   b - Swiftness                      Charms/Air                   2
   c - Repel Missiles                 Charms/Air                   2
   d - Static Discharge               Conjuration/Air              3
   e - Lightning Bolt                 Conjuration/Air              5
Comestibles
 c - 3 bread rations
 i - 8 meat rations


   Skills:
 - Level 4.2 Fighting
 - Level 5.0 Armour
 - Level 1.3 Dodging
 - Level 1.2 Stealth
 * Level 10.7 Spellcasting
 - Level 4.4 Conjurations
 - Level 5.1 Air Magic


You had 25 spell levels left.
You knew the following spells:

 Your Spells              Type           Power        Failure   Level  Hunger
a - Shock                 Conj/Air       ####         1%          1    None
b - Static Discharge      Conj/Air       ####....     3%          3    None
c - Repel Missiles        Chrm/Air       ###...       4%          2    None


Dungeon Overview and Level Annotations

Branches:
Dungeon (11/15)            Temple (1/1) D:4            Lair (0/8) D:9
    Orc: D:9-12

Altars:
Ashenzari
Cheibriados
Dithmenos
Elyvilon
Fedhas
Gozag
Kikubaaqudgha
Makhleb
Nemelex Xobeh
Okawaru
Pakellas
Qazlal
Ru
Sif Muna
Trog
Vehumet
Xom
Yredelemnul
Zin
The Shining One

Shops:
D:8 [


Innate Abilities, Weirdness & Mutations

You have hooves in place of feet.
Armour fits poorly on your strangely shaped body.
You cover ground very quickly.
You have extremely tough skin (AC +3).


Message History

Casting: Static Discharge
Confirm with . or Enter, or press ? or * to list all spells.
The yak is struck by lightning.
The yak is almost dead.
The lightning arcs!
The yak is struck by lightning.
The yak is moderately wounded.
The lightning arcs!
The yak is struck by lightning.
You kill the yak!
The lightning grounds out.
The yak is struck by lightning.
The yak is heavily wounded.
The lightning arcs!
The yak is struck by lightning.
The yak is moderately wounded.
The lightning arcs!
The yak is struck by lightning.
You kill the yak!
The lightning grounds out.
The yak gores you!
* * * LOW HITPOINT WARNING * * *
The yak gores you but does no damage. The yak gores you!!
You die...
Your body crumbles into a pile of gold.

# # #. .# ##.###### .#
###.......# ######.#####
.....).....###...........
.# #.............Y$......
## #.......###..@.Y......
#.......# #...$Y......
#.......# #.......^...
#.......# #...........
####.#### #######.####
#....# .# ##.###### #
#.......# #.......#


You could see 3 yaks.

Vanquished Creatures
  Erica (D:9)
  An ugly thing (D:9)
  A komodo dragon (D:9)
  Grinder (D:3)
  Sigmund (D:4)
  A spriggan (D:10)
  A shadow (D:10)
  A wraith (D:10)
  8 yaks
  Eustachio (D:3)
  A mottled dragon (D:9)
  A sky beast (D:7)
  4 orc warriors
  A black bear (D:6)
  3 ogres
  A phantom (D:8)
  An ice beast (D:9)
  2 necrophages
  A centaur (D:8)
  2 big kobolds (D:9)
  3 crocodiles (D:9)
  4 giant frogs
  12 killer bees
  3 scorpions
  4 wights (D:9)
  5 howler monkeys
  5 crimson imps
  A jelly (D:6)
  3 centaur skeletons
  7 hounds
  9 orc priests
  2 giant frog skeletons
  8 orc wizards
  12 worker ants
  5 iguanas
  A hound skeleton (D:6)
  A worker ant zombie (D:10)
  A howler monkey skeleton (D:8)
  17 adders
  An ooze (D:3)
  3 adder skeletons
  3 worms
  7 giant geckos
  30 orcs
  3 ball pythons
  3 giant cockroaches
  5 goblins
  10 hobgoblins
  19 jackals
  14 kobolds
  4 quokkas
  8 bats
  A giant gecko skeleton (D:6)
  7 giant newts
  8 rats
263 creatures vanquished.

Notes
Turn   | Place    | Note
--------------------------------------------------------------
     0 | D:1      | Chiseanne the Centaur Air Elementalist began the quest for the Orb.
     0 | D:1      | Reached XP level 1. HP: 14/14 MP: 3/3
    57 | D:1      | Reached skill level 1 in Conjurations
   502 | D:1      | Reached skill level 2 in Spellcasting
   505 | D:1      | Reached XP level 2. HP: 4/20 MP: 0/5
  1316 | D:1      | Found a sparkling altar of Nemelex Xobeh.
  1930 | D:2      | Reached XP level 3. HP: 14/26 MP: 1/6
  3036 | D:3      | Noticed Grinder
  3059 | D:3      | Killed Grinder
  3059 | D:3      | Reached skill level 1 in Fighting
  3059 | D:3      | Reached skill level 3 in Spellcasting
  3059 | D:3      | Reached XP level 4. HP: 4/36 MP: 0/8
  3059 | D:3      | Reached XP level 5. HP: 5/41 MP: 0/9
  3059 | D:3      | Reached XP level 6. HP: 6/48 MP: 0/10
  3992 | D:3      | Learned a level 3 spell: Static Discharge
  4605 | D:4      | Noticed Eustachio
  4782 | D:3      | Killed Eustachio
  4782 | D:3      | Reached XP level 7. HP: 39/56 MP: 1/12
  5928 | D:4      | Noticed Sigmund
  5938 | D:4      | Killed Sigmund
  5938 | D:4      | Reached skill level 4 in Spellcasting
  5938 | D:4      | Reached XP level 8. HP: 61/66 MP: 1/14
  5942 | D:4      | Reached skill level 5 in Air Magic
  6525 | D:4      | Found a staircase to the Ecumenical Temple.
  6555 | Temple   | Entered the Ecumenical Temple
  6806 | Temple   | Became a worshipper of Gozag Ym Sagoz the Greedy
  6870 | D:5      | Entered Level 5 of the Dungeon
  7825 | D:5      | Reached skill level 5 in Spellcasting
  7863 | D:5      | Found an oddly glowing altar of Pakellas.
  7865 | D:5      | Found a stormy altar of Qazlal.
  7865 | D:5      | Found an ancient bone altar of Kikubaaqudgha.
  7868 | D:5      | Found a shattered altar of Ashenzari.
  7870 | D:5      | Found a bloodstained altar of Trog.
  7871 | D:5      | Found a sacrificial altar of Ru.
  8608 | D:6      | Reached skill level 6 in Spellcasting
  9111 | D:6      | Found a burning altar of Makhleb.
  9111 | D:6      | Found a radiant altar of Vehumet.
  9292 | D:6      | Learned a level 2 spell: Repel Missiles
  9412 | D:7      | Reached XP level 9. HP: 56/69 MP: 7/19
 10152 | D:7      | Reached skill level 7 in Spellcasting
 10343 | D:7      | Reached skill level 1 in Armour
 10730 | D:8      | HP: 2/71 [killer bee (7)]
 11485 | D:8      | Found a glowing golden altar of the Shining One.
 11700 | D:8      | Bought a translucent cloak for 218 gold pieces
 11711 | D:8      | Identified the +2 cloak "Emuyll" {rElec rPois Int+3 Slay-6} (You bought it in a shop on level 8 of the Dungeon)
 12068 | D:8      | Bought a pair of embroidered gloves for 103 gold pieces
 12486 | D:9      | Found a sacrificial altar of Ru.
 13094 | D:9      | Reached skill level 8 in Spellcasting
 13275 | D:8      | Bought a warped robe for 131 gold pieces
 13287 | D:8      | Identified the cursed +1 robe of Hopscotch {*Contam rPois MR+++ Slay+2} (You bought it in a shop on level 8 of the Dungeon)
 13470 | D:9      | Noticed a cyan ugly thing
 13504 | D:9      | Killed a cyan ugly thing
 13504 | D:9      | Reached XP level 10. HP: 79/79 MP: 17/22
 13673 | D:9      | Noticed Erica
 13702 | D:9      | Killed Erica
 13730 | D:9      | Reached skill level 5 in Armour
 14024 | D:9      | Reached skill level 9 in Spellcasting
 14977 | D:9      | Found a staircase to the Lair.
 15026 | D:9      | Got a transparent dagger
 15028 | D:9      | Reached skill level 10 in Spellcasting
 15031 | D:9      | Identified the +10 dagger "Disaucw" {holy, MP+9 Int+2 SInv} (You found it on level 9 of the Dungeon)
 15390 | D:8      | Bought a glowing cloak for 103 gold pieces
 15408 | D:8      | Bought a runed cloak for 103 gold pieces
 15445 | D:10     | Entered Level 10 of the Dungeon
 15492 | D:8      | Bought an ancient scale mail for 207 gold pieces
 15573 | D:8      | Identified the cursed +0 scale mail "Axut" {rCorr Str+4} (You bought it in a shop on level 8 of the Dungeon)
 16337 | D:10     | Reached XP level 11. HP: 77/83 MP: 25/25
 17492 | D:11     | Mangled by a yak

Skill      XL: |  1  2  3  4  5  6  7  8  9 10 |
---------------+-------------------------------+-----
Conjurations   | 1 2 3 4 |  4.4
Spellcasting   | 2 3 4 6 8 10 | 10.7
Air Magic      | 3 4 5 |  5.1
Fighting       | 1 2 3 4 |  4.2
Armour         | 4 5 |  5.0
Dodging        | |  1.3
Stealth        | |  1.2

Action                   |  1- 3 |  4- 6 |  7- 9 | 10-12 || total
-------------------------+-------+-------+-------+-------++-------
Melee: Unarmed           |    44 |       |       |       ||    44
       Kick              |    11 |     8 |    73 |    41 ||   133
       Club              |    29 |       |       |       ||    29
       Dagger            |    29 |    43 |   303 |    30 ||   405
       Falchion          |       |       |       |    93 ||    93
 Fire: Blowgun           |       |    14 |    18 |       ||    32
 Cast: Shock             |    89 |    72 |   247 |    83 ||   491
       Static Discharge  |       |     4 |    42 |    52 ||    98
       Repel Missiles    |       |       |     1 |       ||     1
Invok: Call Merchant     |       |       |     1 |       ||     1
Evoke: Deck              |       |       |     5 |       ||     5
       Wand              |       |       |     3 |       ||     3
  Use: Scroll            |     5 |     5 |     6 |     2 ||    18
       Potion            |       |       |     2 |       ||     2
 Stab: Sleeping          |       |       |     1 |       ||     1
       Distracted        |       |       |       |     1 ||     1
  Eat: Chunk             |     7 |     5 |     6 |       ||    18
       Fruit             |       |       |     3 |     4 ||     7
       Bread ration      |       |       |     5 |     1 ||     6
       Pizza             |       |       |     1 |       ||     1
       Beef jerky        |       |       |     1 |       ||     1
       Royal jelly       |       |       |       |     1 ||     1
Armor: Robe              |    32 |    22 |    68 |    72 ||   194
       Ring mail         |       |       |    84 |       ||    84
       Scale mail        |       |       |       |     4 ||     4
Dodge: Dodged            |    57 |    38 |   164 |    97 ||   356
       Deflected         |       |       |     2 |       ||     2
